 Dungeon Crawl Stone Soup version 0.30-a0-1014-g3371b13838 (webtiles) character file.

Game seed: 10543958696176131538

3295 Zolda the Cleaver (level 9, -1/70 HPs)
             Began as a Minotaur Berserker on Apr 6, 2023.
             Was a Priest of Trog.
             Slain by a gnoll
             ... wielding a +0 halberd
              (13 damage)
             ... on level 7 of the Dungeon.
             The game lasted 00:31:04 (5205 turns).

Zolda the Cleaver (Minotaur Berserker)              Turns: 5205, Time: 00:31:05

Health: -1/70      AC: 14    Str: 33    XL:     9   Next: 69%
Magic:  8/8        EV:  7    Int:  4    God:    Trog [***...]
Gold:   364        SH: 12    Dex:  9    Spells: 8/8 levels left

rFire   . . .      SeeInvis .    c - +0 war axe
rCold   . . .      Faith    .    f - +1 kite shield
rNeg    + . .      Spirit   .    j - +0 plate armour
rPois   .          Reflect  .    (helmet restricted)
rElec   .          Rampage  .    i - +1 cloak
rCorr   +                        n - +0 pair of gloves
Will    ++...                    (no boots) Stlth
                                 q - amulet of regeneration
HPRegen 2.11/turn                d - ring of positive energy
MPRegen 0.11/turn                p - ring of Ittojyth {rCorr Str+6}

@: lethally poisoned (-1 -> -2), about to teleport, strong-willed (expiring), on
berserk cooldown, regenerating (expiring), hasted and slowed
A: horns 2, retaliatory headbutt
a: Renounce Religion, Berserk, Trog's Hand


You were on level 7 of the Dungeon.
You worshipped Trog.
Trog was most pleased with you.
You visited 2 branches of the dungeon, and saw 8 of its levels.
You visited the Abyss 1 time.
You also visited: Ossuary.

You collected 364 gold pieces.

Inventory:

Hand Weapons
 c - a +0 war axe (weapon)
Missiles
 k - 4 curare-tipped darts (quivered)
 r - a throwing net
Armour
 f - a +1 kite shield (worn)
 h - +0 fire dragon scales
 i - a +1 cloak (worn)
 j - a +0 plate armour (worn)
 n - a +0 pair of gloves (worn)
Jewellery
 d - a ring of positive energy (left hand)
 o - a ring of fire
 p - the ring of Ittojyth (right hand) {rCorr Str+6}
   (You found it on level 3 of the Dungeon)

   [ring of strength]

   Str:       It affects your strength (+6).
   rCorr:     It protects you from acid and corrosion.
 q - an amulet of regeneration (around neck)
 x - a ring of ice
Wands
 B - a wand of roots (5)
Scrolls
 b - a scroll of poison
 t - 2 scrolls of fear
 v - a scroll of blinking
 y - a scroll of enchant armour
Potions
 a - 2 potions of might
 e - 3 potions of attraction
 g - 5 potions of flight
 l - 2 potions of mutation
 m - a potion of ambrosia
 s - 2 potions of invisibility
 u - 6 potions of curing
 w - a potion of haste {unknown}
 z - 3 potions of heal wounds
 C - a potion of resistance {unknown}


   Skills:
 - Level 3.6 Fighting
 + Level 12.1 Axes
 - Level 2.4 Armour
 - Level 2.1 Dodging
 + Level 11.5 Shields


You had 8 spell levels left.
You didn't know any spells.
Your spell library was empty.

Dungeon Overview and Level Annotations

Branches:
Dungeon (7/15)             Temple (1/1) D:7         Ossuary (visited)

Altars:
Ashenzari
Cheibriados
Dithmenos
Elyvilon
Fedhas
Hepliaklqana
Kikubaaqudgha
Makhleb
Nemelex Xobeh
Okawaru
Qazlal
Ru
Sif Muna
Trog
Uskayaw
Vehumet
Wu Jian
Xom
Zin
The Shining One

Shops:
D:6 *

Annotations:
D:7 1 transporter, Grum; Querens's ghost, novice FoFi


Innate Abilities, Weirdness & Mutations

You have a pair of horns on your head.
You reflexively headbutt those who attack you in melee.


Message History

You slash the gnoll sergeant! You headbutt the gnoll sergeant.
The gnoll sergeant is heavily wounded.
You hit the gnoll bouda.
You feel sick. You block the gnoll's attack.
Querens's ghost (novice Formicid Fighter) comes into view.
It is wielding a weapon of freezing.
The gnoll sergeant barely misses you. You furiously retaliate!
You headbutt the gnoll sergeant. The gnoll sergeant blocks your attack.
Querens's ghost turns its malevolent gaze towards you.
You headbutt the gnoll sergeant, but do no damage.
The gnoll sergeant is heavily wounded.
You slash the gnoll bouda!
You feel the effects of Trog's Hand fading.
You feel very sick. You block the gnoll's attack.
The gnoll bouda barely misses you. The gnoll sergeant closely misses you.
As you read the scroll of teleportation, it crumbles to dust.
You feel strangely unstable.
You feel sick.
The wolf howls!
The gnoll bouda barely misses you. You furiously retaliate!
You headbutt the gnoll bouda.
You kill the gnoll bouda!
Trog accepts your kill.
The gnoll zaps a wand.
You resist with almost no effort.
The gnoll sergeant hits you with a +0 trident of venom.
* * * LOW HITPOINT WARNING * * *
You are more poisoned.
Your life force feels restored.
You feel very sick.
Aiming: Fastroot
Press: ? - help, Q - select action, (/) - cycle Shift-Dir - straight line, f - gnoll sergeant
Aim: a gnoll sergeant, wielding a +0 trident of venom, wearing the +0 ring mail of Feasting {+Blink rN+ Str-3}, wearing a +0 kite shield and wearing the ring "Veyffu" {Int+6 Dex+5 Stlth+} (heavily wounded)
The roots erupt in riotous growth!
Roots grab the gnoll sergeant.
Roots grab the gnoll.
The grasping roots constrict the gnoll sergeant.
The grasping roots constrict the gnoll.
You feel very sick.
You hear a shout!
The gnoll hits you from afar with a +0 halberd!
You die...

#†.≈≈≈≈≈≈≈≈≈≈≈≈~≈≈≈≈≈≈≈≈≈≈≈≈...#.
#..≈≈#####.[.........#####≈≈...##
#..≈≈#g..#.###.©.###.#...#≈≈.#.##
#..≈≈#...###.#####g###...#≈≈.....
#..≈≈###.gg. ..........###≈≈...##
#..≈≈.8#.######'###'##.#8.≈≈...#
#..≈≈.##.# #8..#...#.##.≈≈...#
#..~~.#.. #⌠©)....'..#.~~...#
#..≈≈.##. #8.@#...#.##.≈≈...#
#..≈≈.8#.######g###'##.#8.≈≈...#
#..≈≈###.Whg.gg........###≈≈...##
#..≈≈#g..###.#####.###...#≈≈.....
#..≈≈#...#.###.©.###.#g.g#≈≈.#.##
#..≈≈#####...........#####≈≈.#.#
#..≈≈≈≈≈≈≈≈≈≈≈...≈≈≈≈≈≈≈≈≈≈≈.#.##
#..≈≈≈≈≈≈≈≈≈≈≈...≈≈≈≈≈≈≈≈≈≈≈.#...
#............................####


You could see a gnoll sergeant (rooted) and 2 gnolls.

Vanquished Creatures
  A bunyip zombie (Abyss:1)
  Pikel (D:7)
  Prince Ribbit (D:5)
  A wyvern (D:7)
  2 water moccasins (D:6)
  An ice beast (D:5)
  2 sky beasts
  A centaur (D:5)
  A lemure (D:7)
  7 scorpions
  5 howler monkeys
  2 human zombies (Ossuary)
  2 gnoll boudas
  4 hounds
  An orc priest (D:5)
  Crazy Yiuf (D:2)
  An orc wizard (D:5)
  Terence (D:2)
  3 hound zombies (Ossuary)
  4 mummies (Ossuary)
  17 gnolls
  13 adders
  A shadow imp (D:7)
  An ufetubus (D:5)
  3 worms
  A dart slug (D:2)
  7 orcs
  13 endoplasms
  2 giant cockroaches
  3 gnoll zombies (Ossuary)
  5 hobgoblins
  2 jackals (D:4)
  A kobold (D:2)
  4 quokkas
  2 ball pythons
  18 bats
  A frilled lizard (D:2)
  8 goblins
  A goblin zombie (Ossuary)
  A hobgoblin zombie (Ossuary)
  A jackal zombie (Ossuary)
  2 quokka zombies (D:6)
  7 rats
  A rat zombie (Ossuary)
157 creatures vanquished.

Vanquished Creatures (others)
  11 fungi (D:7)
  6 plants (D:7)
17 creatures vanquished.

Grand Total: 174 creatures vanquished

Notes
Turn   | Place    | Note
-------+----------+-------------------------------------------
     0 | D:1      | Zolda the Minotaur Berserker began the quest for the Orb.
     0 | D:1      | Reached XP level 1. HP: 19/19 MP: 0/0
   207 | D:1      | Reached skill level 4 in Axes
   236 | D:1      | Reached skill level 1 in Shields
   296 | D:1      | Reached XP level 2. HP: 26/26 MP: 1/1
   774 | D:2      | Reached XP level 3. HP: 30/31 MP: 2/2
   939 | D:2      | Reached ** piety under Trog
  1064 | D:2      | Found a runed translucent door.
  1065 | D:2      | Noticed Crazy Yiuf
  1134 | D:2      | Noticed Terence
  1139 | D:2      | Killed Terence
  1140 | D:2      | Reached skill level 5 in Axes
  1140 | D:2      | Reached XP level 4. HP: 39/39 MP: 3/3
  1435 | D:2      | Killed Crazy Yiuf
  1436 | D:2      | Reached XP level 5. HP: 45/45 MP: 4/4
  1491 | D:3      | Found a broken altar of Ashenzari.
  1492 | D:3      | Found a glowing golden altar of the Shining One.
  1754 | D:3      | Identified the ring of Ittojyth {rCorr Str+6}
  1976 | D:3      | Reached skill level 6 in Axes
  2257 | D:4      | Reached XP level 6. HP: 48/51 MP: 5/5
  2628 | D:4      | Found a blossoming altar of Fedhas.
  2714 | D:5      | Entered Level 5 of the Dungeon
  2720 | D:5      | Reached skill level 5 in Shields
  2721 | D:5      | Noticed a sky beast
  2734 | D:5      | Killed a sky beast
  2798 | D:5      | Noticed Prince Ribbit
  2809 | D:5      | Killed Prince Ribbit
  2810 | D:5      | Reached skill level 7 in Axes
  2810 | D:5      | Reached XP level 7. HP: 55/57 MP: 6/6
  2859 | D:5      | Reached skill level 8 in Axes
  3085 | D:5      | Found the +9 sword of Power {lifebolt}
  3247 | D:5      | Reached XP level 8. HP: 64/64 MP: 7/7
  3267 | D:5      | Reached skill level 9 in Axes
  3500 | D:6      | Found Gym Edui's Serpentskin Sales.
  3556 | D:6      | Reached *** piety under Trog
  3678 | D:6      | Found a sand-covered staircase.
  3692 | Ossuary  | Entered an ossuary
  3709 | Ossuary  | Reached skill level 10 in Axes
  4091 | D:7      | Found a staircase to the Ecumenical Temple.
  4118 | Abyss:1  | Cast into level 1 of the Abyss (gnoll)
  4138 | Abyss:1  | Found a corrupted altar of Lugonu.
  4159 | Abyss:1  | Noticed a Hell Sentinel
  4196 | Abyss:1  | Reached skill level 10 in Shields
  4196 | Abyss:1  | Reached XP level 9. HP: 47/70 MP: 8/8
  4200 | D:7      | Escaped the Abyss
  4240 | Temple   | Entered the Ecumenical Temple
  4539 | D:7      | Noticed Pikel
  4557 | D:7      | Killed Pikel
  4558 | D:7      | Reached skill level 11 in Axes
  4648 | D:7      | Noticed Grum
  4671 | D:7      | Found a transporter.
  4778 | D:7      | Found a transporter.
  4919 | D:7      | Reached skill level 12 in Axes
  5178 | D:7      | Identified the +0 ring mail of Feasting {+Blink rN+ Str-3}
  5178 | D:7      | Identified the ring "Veyffu" {Int+6 Dex+5 Stlth+}
  5201 | D:7      | Noticed Querens's ghost (novice FoFi)
  5205 | D:7      | Slain by a gnoll

Illustrated notes

Levels and vault maps discovered:
D:1:      scummos_arrival_star, layout_loops_ring, minmay_misc_feat_columns
D:2:      layout_basic, uniq_terence, uniq_crazy_yiuf_cottage
D:3:      layout_loops_ring, chequers_temple_overflow_statue_of_worship
D:4:      layout_loops_cross, lemuel_doored_altar, st_stairs_4
D:5:      layout_loops_cross, uniq_prince_ribbit1
D:6:      layout_rooms, enter_ossuary_4, guppyfry_shop_venom
D:7:      old_forge, layout_loops_ring, minmay_temple_entry_stoned_glass,
          gammafunk_ghost_gnarly_gnolls, uniq_pikel
Temple:   minmay_temple_bridge_d

Skill      XL: |  1  2  3  4  5  6  7  8  9 |
---------------+----------------------------+-----
Axes           | 4 5 6 7 8 10 12 | 12.1
Shields        | 1 2 4 6 7 10 11 | 11.5
Fighting       | |  3.6
Armour         | |  2.4
Dodging        | |  2.1

Action                     |  1- 3 |  4- 6 |  7- 9 || total
---------------------------+-------+-------+-------++-------
  Melee: War axe           |    66 |   119 |   226 ||   411
         Headbutt          |    11 |    13 |    27 ||    51
 Invoke: Berserk           |     1 |     1 |     5 ||     7
         Trog's Hand       |     1 |     1 |     3 ||     5
  Evoke: Wand              |       |       |     1 ||     1
    Use: Scroll            |     4 |     5 |    13 ||    22
   Stab: Held in net/web   |       |       |     1 ||     1
 Armour: Fire dragon scale |    23 |       |       ||    23
         Ring mail         |     1 |       |       ||     1
         Animal skin       |     1 |       |       ||     1
         Plate armour      |     6 |    66 |   109 ||   181
  Dodge: Dodged            |    28 |    30 |    53 ||   111
  Block: Kite shield       |    19 |    43 |   143 ||   205

Table legend: (Time is in decaauts)
 A = Elapsed time spent in this place.
 B = Non-inter-level travel time spent in this place.
 C = Inter-level travel time spent in this place.
 D = Time resting spent in this place.
 E = Time spent auto-exploring this place.
 F = Levels seen in this place.
 G = Mean time per level.
                   A        B        C        D        E       F      G
               +--------+--------+--------+--------+--------+-----+--------+
         Total |   5355 |   5075 |    280 |      1 |   3898 |  10 |  535.5 |
       Dungeon |   4830 |   4558 |    272 |      0 |   3511 |   7 |  690.0 |
        Temple |    232 |    224 |      8 |      0 |    213 |   1 |  232.0 |
         Abyss |     78 |     78 |      0 |      0 |     36 |   1 |   78.0 |
       Ossuary |    214 |    214 |      0 |      1 |    138 |   1 |  214.0 |
               +--------+--------+--------+--------+--------+-----+--------+

Top non-repeatable levels by time:
     D:7: 842 daAuts
     D:1: 766 daAuts
     D:2: 765 daAuts
     D:5: 729 daAuts
     D:4: 649 daAuts
     D:3: 618 daAuts
     D:6: 459 daAuts
  Temple: 232 daAuts
 Ossuary: 214 daAuts
 Abyss:1: 78 daAuts
